 Dungeon Crawl Stone Soup version 0.32-a0-913-g739538a (webtiles) character file.

Game seed: 4038927688992923305

116 pickedpeppers the Chiller (level 4, -1/33 HPs)
             Began as a Mountain Dwarf Ice Elementalist on Apr 8, 2024.
             Slain by Blork the orc
             ... wielding a +0 halberd
              (9 damage)
             ... on level 4 of the Dungeon.
             The game lasted 00:06:44 (2745 turns).

pickedpeppers the Chiller (MDIE)                    Turns: 2745, Time: 00:06:44

Health: -1/33      AC:  9    Str: 11    XL:     4   Next: 70%
Magic:  2/8        EV: 10    Int: 17    God:
Gold:   144        SH:  0    Dex: 10    Spells: 2/9 levels left

rFire   . . .        i - +1 short sword (protect)
rCold   . . .        (no shield)
rNeg    . . .        a - +0 robe
rPois   .            (no helmet)
rElec   .            (no cloak)
rCorr   .            s - +0 pair of gloves
SInv    .            (no boots)
Will    .....        (no amulet)
Stlth   ++           (no ring)
HPRegen 0.25/turn    (no ring)
MPRegen 0.11/turn

%: no passive effects
@: ice-armoured, freezing walls
A: runic magic, artefact enchanting
a: no special abilities


You were on level 4 of the Dungeon.
You visited 1 branch of the dungeon, and saw 4 of its levels.

You collected 144 gold pieces.

Inventory:

Hand Weapons
 i - a +1 short sword of protection (weapon)
 q - a +0 whip of venom
Missiles
 o - 2 poisoned darts (quivered)
 u - a throwing net
Armour
 a - a +0 robe (worn)
 s - a +0 pair of gloves (worn)
Wands
 r - a wand of flame (2)
Scrolls
 d - 2 scrolls of amnesia {unknown}
 e - a scroll of vulnerability {unknown}
 g - 3 scrolls of identify {unknown}
 h - a scroll of silence {unknown}
 l - 4 scrolls of teleportation {unknown}
 m - a scroll of butterflies {unknown}
 n - a scroll of poison {unknown}
 t - a scroll of immolation {unknown}
 v - a scroll of fear {unknown}
Potions
 b - a potion of magic
 c - 2 potions of enlightenment {unknown}
 f - 2 potions of cancellation {unknown}
 j - a potion of berserk rage {unknown}
 k - a potion of heal wounds {unknown}
 p - a potion of resistance {unknown}


   Skills:
 - Level 1.3 Dodging
 - Level 1.4 Stealth
 + Level 3.2 Spellcasting
 + Level 4.7 Ice Magic


You had 2 spell levels left.
You knew the following spells:

 Your Spells              Type           Power      Damage    Failure   Level
a - Freeze                Ice            72%        1d8       2%          1
b - Frozen Ramparts       Ice            36%        1d6       8%          3
c - Ozocubu's Armour      Ice            18%        N/A       8%          3

Your spell library contained the following spells:

 Spells                   Type           Power      Damage    Failure   Level
 Summon Ice Beast         Ice/Summ       10%        N/A       21%         3
 Maxwell's Portable Pile  Tloc           2%         2d(5-14)  45%         3
 Arcjolt                  Conj/Air       1%         1d11      99%         5
 Maxwell's Capacitive Co  Air            1%         ∞         100%        8


Dungeon Overview and Level Annotations

Branches:
Dungeon (4/15)
 Temple: D:4-7

Altars:

Annotations:
D:3 1 runed translucent door, Crazy Yiuf
D:4 Blork the orc


Innate Abilities, Weirdness & Mutations

Your spellcasting is much less encumbered by armour.
You can use scrolls of enchantment on lesser artefacts.


Message History

Press: ? - help, Dir - look around, f - activate The walls around you are covered in ice.
The wall freezes Blork the orc.
Blork the orc barely misses you.
Unknown command.
Unknown command.
The wall freezes Blork the orc.
Blork the orc points at you and mumbles some strange words.
The puff of frost hits you!
Unknown command.
Unknown command.
Casting: Frozen Ramparts (quite dangerous; 8% risk of failure)
Confirm with . or Enter, or press ? or * to list all spells.
Okay, then.
Casting: Frozen Ramparts (quite dangerous; 8% risk of failure)
Confirm with . or Enter, or press ? or * to list all spells.
A film of ice covers your body!
The wall freezes Blork the orc.
Blork the orc closely misses you.
Unknown command.
Unknown command.
Unknown command.
The wall freezes Blork the orc but does no damage.
Blork the orc miscasts a cantrip.
Unknown command.
Unknown command.
The wall freezes Blork the orc.
Blork the orc hits you from afar with a +0 halberd!
* * * LOW HITPOINT WARNING * * *
Unknown command.
Unknown command.
Throw: 3 darts (poison)
Press: ? - help, Q - select action, (/) - cycle Shift-Dir - straight line, f - Blork the orc
Aim: Blork the orc, wielding a +0 halberd and wearing a +0 robe (severely wounded, very poisoned, 54% to hit)
You throw a poisoned dart. The poisoned dart hits Blork the orc.
Blork the orc looks even sicker.
Blork the orc is severely wounded.
The wall freezes Blork the orc.
Blork the orc's eyes glow yellow.
Blork the orc hits you from afar with a +0 halberd!
You die...
Blork the orc shouts, "I believe in me!"

. #.#
#.###'############
#.####.#...#
#....#.#.###
####.#...# #.#####
#...# ###.## .
#..#######
##@.o.((..
#########


You could see Blork the orc (very poisoned).

Vanquished Creatures
  Ijyb (D:3)
  3 adders (D:2)
  4 dart slugs
  4 orcs (D:2)
  5 ball pythons
  An endoplasm (D:3)
  4 giant cockroaches
  4 hobgoblins
  5 jackals (D:1)
  3 quokkas
  5 bats
  4 frilled lizards
  4 goblins
  A kobold (D:2)
  3 rats
51 creatures vanquished.

Notes
Turn   | Place    | Note
-------+----------+-------------------------------------------
     0 | D:1      | pickedpeppers the Mountain Dwarf Ice Elementalist began the
                  | quest for the Orb.
     0 | D:1      | Reached XP level 1. HP: 14/14 MP: 3/3
   348 | D:1      | Reached XP level 2. HP: 20/20 MP: 3/5
   593 | D:1      | Reached skill level 4 in Ice Magic
   714 | D:1      | Found a faded altar of an unknown god.
   984 | D:2      | Reached XP level 3. HP: 26/26 MP: 2/6
  1025 | D:1      | Learned a level 3 spell: Frozen Ramparts
  1029 | D:1      | Learned a level 3 spell: Ozocubu's Armour
  1701 | D:2      | Reached XP level 4. HP: 31/33 MP: 5/8
  2022 | D:3      | Found a runed translucent door.
  2023 | D:3      | Noticed Crazy Yiuf
  2043 | D:3      | Noticed Ijyb
  2053 | D:3      | Killed Ijyb
  2734 | D:4      | Noticed Blork the orc
  2745 | D:4      | Slain by Blork the orc

Illustrated notes

Levels and vault maps discovered:
D:1:      lightli_arrival_quake, layout_loops_ring,
          ebering_ecumenical_altar_mist
D:2:      layout_loops_cross
D:3:      layout_rooms, uniq_crazy_yiuf_cottage, uniq_ijyb
D:4:      layout_basic, minmay_temple_entry_grid, serial_aquarium,
          aquarium_bridge_square [aquarium_subvault_bridge,
          aquarium_subvault_wall, aquarium_subvault_wall,
          aquarium_subvault_bridge], aquarium_bridge_straight
          [aquarium_subvault_bridge, aquarium_subvault_balcony,
          aquarium_subvault_bridge, aquarium_subvault_window],
          aquarium_window_1, aquarium_window_1, aquarium_window_2,
          aquarium_view_4, aquarium_view_2b, aquarium_balcony_3a,
          hangedman_decor_lopped, minmay_cupped, uniq_natasha, uniq_grinder,
          uniq_blork_the_orc

Skill      XL: |  1  2  3  4 |
---------------+-------------+-----
Spellcasting   | 2 3 |  3.2
Ice Magic      | 4 |  4.7
Dodging        | |  1.3
Stealth        | |  1.4

Action                     |  1- 3 |  4- 6 || total
---------------------------+-------+-------++-------
  Melee: Unarmed           |     3 |       ||     3
         Short sword       |     4 |    12 ||    16
  Throw: Dart              |       |     4 ||     4
   Cast: Freeze            |    58 |    14 ||    72
         Frozen Ramparts   |       |     4 ||     4
         Ozocubu's Armour  |       |     1 ||     1
  Evoke: Wand              |       |     1 ||     1
   Stab: Sleeping          |     2 |       ||     2
 Armour: Robe              |    28 |    23 ||    51
  Dodge: Dodged            |    31 |    17 ||    48

Table legend: (Time is in decaauts)
 A = Elapsed time spent in this place.
 B = Non-inter-level travel time spent in this place.
 C = Inter-level travel time spent in this place.
 D = Time resting spent in this place.
 E = Time spent auto-exploring this place.
 F = Levels seen in this place.
 G = Mean time per level.
                   A        B        C        D        E       F      G
               +--------+--------+--------+--------+--------+-----+--------+
         Total |   2750 |   2618 |    132 |    318 |   1845 |   4 |  687.5 |
       Dungeon |   2750 |   2618 |    132 |    318 |   1845 |   4 |  687.5 |
               +--------+--------+--------+--------+--------+-----+--------+

Top non-repeatable levels by time:
     D:2: 1066 daAuts
     D:1: 1002 daAuts
     D:3: 549 daAuts
     D:4: 132 daAuts
